 Dungeon Crawl Stone Soup version 0.22-a0-866-geee5034 (webtiles) character file.

50 Leszczynek the Sneak (level 3, 0/22 HPs)
             Began as a Deep Elf Monk on July 28, 2018.
             Slain by a gnoll shaman
             ... wielding a +0 whip
              (9 damage)
             ... on level 4 of the Dungeon.
             The game lasted 00:08:49 (1292 turns).

Leszczynek the Sneak (Deep Elf Monk)                Turns: 1292, Time: 00:08:50

Health: 0/22       AC:  7    Str:  8    XL:     3   Next: 55%
Magic:  9/9        EV:  7    Int: 18    God:
Gold:   95         SH:  0    Dex: 17    Spells: 8/8 levels left

rFire    . . .     SeeInvis .   b - +0 quarterstaff
rCold    . . .     Gourm    .   (shield currently unavailable)
rNeg     . . .     Faith    .   p - +3 leather armour
rPois    .         Spirit   .   l - +0 helmet
rElec    .         Reflect  .   (no cloak)
rCorr    .         Harm     .   (no gloves)
MR       .....                  (no boots)
Stlth    +++.......             (no amulet)
HPRegen  0.07/turn              c - +3 ring of intelligence
MPRegen  0.11/turn              (no ring)

@: held
A: no striking features
a: no special abilities


You were on level 4 of the Dungeon.
You were not hungry.

You visited 1 branch of the dungeon, and saw 4 of its levels.

You collected 95 gold pieces.

Inventory:

Hand Weapons
 a - a +0 short sword
 b - a +0 quarterstaff (weapon)
Missiles
 o - 69 stones (quivered)
Armour
 l - a +0 helmet (worn)
 m - a +0 robe
 p - a +3 leather armour (worn)
Jewellery
 c - a +3 ring of intelligence (left hand)
Scrolls
 e - a scroll of noise {unknown}
 f - a scroll of enchant armour {unknown}
 g - a scroll of remove curse {unknown}
 k - a scroll of magic mapping {unknown}
 n - a scroll of enchant weapon {unknown}
Potions
 h - a potion of brilliance {unknown}
Comestibles
 d - 2 rations
 i - 8 chunks of flesh


   Skills:
 - Level 2.4 Fighting
 - Level 3.0 Short Blades
 - Level 3.6 Dodging
 + Level 4.0 Stealth
 + Level 3.0 Spellcasting


You had 8 spell levels left.
You didn't know any spells.
Your spell library was empty.

Dungeon Overview and Level Annotations

Branches:
Dungeon (4/15)
 Temple: D:4-7

Altars:


Message History

There is a stone staircase leading up here.
You open the door. 2 gnolls come into view.
Unknown command. 3 gnolls and a gnoll shaman come into view.
The gnoll shouts! x3
The gnoll throws a throwing net.
The throwing net hits you.
You become entangled in the net!
The gnoll hits you with a whip!
The gnoll shouts!
Found 23 sling bullets.
There is an open door, spattered with blood here.
You see here a throwing net.
You tear a large gash into the net.
The gnoll shaman shouts!
The gnoll hits you with a whip.
The gnoll shaman calls upon its god to speed up the gnoll.
The gnoll seems to speed up.
You struggle against the net.
The gnoll barely misses you. The gnoll hits you but does no damage.
The gnoll shaman hits you with a whip!
You die...

#######
######.......
..##....#.......
........#g......
.......<#gg.....
........@gg.....
####....#g......
#############


You could see a gnoll shaman and 5 gnolls.

Vanquished Creatures
  A leopard gecko (D:3)
  8 orcs (D:3)
  3 giant cockroaches
  2 goblins
  5 hobgoblins
  5 jackals (D:3)
  4 kobolds
  A quokka (D:3)
  4 bats
33 creatures vanquished.

Notes
Turn   | Place    | Note
-------+----------+-------------------------------------------
     0 | D:1      | Leszczynek the Deep Elf Monk began the quest for the Orb.
     0 | D:1      | Reached XP level 1. HP: 13/13 MP: 3/3
   107 | D:2      | Reached skill level 1 in Spellcasting
   180 | D:3      | Reached skill level 3 in Stealth
   180 | D:3      | Reached XP level 2. HP: 8/18 MP: 4/6
   483 | D:3      | Reached skill level 2 in Spellcasting
   654 | D:3      | Found a faded altar of an unknown god.
   944 | D:3      | Reached XP level 3. HP: 14/22 MP: 8/8
   950 | D:3      | HP: 3/22 [orc/dagger (5)]
  1249 | D:3      | Reached skill level 4 in Stealth
  1262 | D:3      | Reached skill level 3 in Spellcasting
  1292 | D:4      | Slain by a gnoll shaman

Vault maps used:
D:1:      wheals_arrival_shading
D:3:      chequers_ecumenical_altar_simple, grunt_decor_mini_mirrors,
          grunt_ministairs_10

Skill      XL: |  1  2  3 |
---------------+----------+-----
Spellcasting   | 1 2 3 |  3.0
Stealth        | 3 4 |  4.0
Fighting       | |  2.4
Short Blades   | |  3.0
Dodging        | |  3.6

Action                   || total
-------------------------++-------
Melee: Short sword       ||    56
       Quarterstaff      ||    74
Throw: Stone             ||    10
  Use: Potion            ||     3
 Stab: Sleeping          ||     5
       Distracted        ||     1
  Eat: Chunk             ||     2
Armor: Robe              ||    13
       Leather armour    ||    15
Dodge: Dodged            ||    97

Table legend:
 A = Spawn XP
 B = Non-spawn XP
 C = Spawn XP percentage of total XP
 D = Spawn monster count
 E = Non-spawn monster count
 F = Spawn count percentage of total count
 G = Total turns spent on level
                    A         B        C        D         E        F      G
               +---------+---------+-------+---------+---------+-------+---------
         Total |       0 |      72 |   0.0 |       0 |      33 |   0.0 |  1292
               +---------+---------+-------+---------+---------+-------+---------
           D:1 |       0 |       4 |   0.0 |       0 |       2 |   0.0 |   100
           D:2 |       0 |       7 |   0.0 |       0 |       4 |   0.0 |    83
           D:3 |       0 |      61 |   0.0 |       0 |      27 |   0.0 |  1059
               +---------+---------+-------+---------+---------+-------+---------
